 Dungeon Crawl Stone Soup version 0.28-a0-612-gcfc00ec14d (webtiles) character file.

Game seed: 18094613910168254815

102865 lunkers the Brawler (level 15, -2/158 HPs)
             Began as a Troll Cinder Acolyte on Oct 5, 2021.
             Was a High Priest of Ignis.
             Slain by Arachne (28 damage)
             ... on level 2 of the Spider Nest.
             The game lasted 00:56:13 (22810 turns).

lunkers the Brawler (Troll Cinder Acolyte)         Turns: 22810, Time: 00:56:13

Health: -2/158     AC: 14    Str: 26    XL:     15   Next: 87%
Magic:  15/15      EV: 10    Int: 10    God:    Ignis [*****.]
Gold:   1343       SH: 20    Dex: 10    Spells: 16/16 levels left

rFire   + . .      SeeInvis .     - Unarmed
rCold   + + +      Faith    .   T - +0 tower shield
rNeg    . . .      Spirit   .   w - +2 ice dragon scales
rPois   .          Reflect  +   o - +0 hat of Cuastrum {rC+}
rElec   .          Harm     .   I - +0 cloak
rCorr   .          Rampage  .   (gloves unavailable)
Will    +....                   (boots unavailable)
Stlth   ..........              x - amulet of reflection
HPRegen 1.36/turn               C - ring of protection from fire
MPRegen 0.14/turn               k - +4 ring of evasion

@: no status effects
A: large, unfitting armour, claws 3, regeneration 1, shaggy fur 1, tough skin 1
a: Renounce Religion, Sea of Fire, Foxfire Swarm, Rising Flame


You were on level 2 of the Spider Nest.
You worshipped Ignis.
Ignis was extremely pleased with you.
You visited 4 branches of the dungeon, and saw 23 of its levels.

You collected 3359 gold pieces.
You spent 2016 gold pieces at shops.

Inventory:

Missiles
 b - 3 boomerangs of dispersal
 c - 674 stones
 e - 104 poisoned darts (quivered)
 g - 3 silver boomerangs
 j - 4 curare-tipped darts
 m - 5 atropa-tipped darts
 y - a throwing net
 A - 3 javelins
 V - 4 silver javelins
 X - 11 boomerangs
 Z - 6 large rocks
Armour
 o - the +0 hat of Cuastrum (worn) {rC+}
   (You acquired it on level 6 of the Dungeon)

   rC:        It protects you from cold.
 p - +0 acid dragon scales
 w - +2 ice dragon scales (worn)
 I - a +0 cloak (worn)
 T - a +0 tower shield (worn)
Jewellery
 f - a ring of poison resistance
 k - a +4 ring of evasion (right claw)
 q - a ring of see invisible
 x - an amulet of reflection (around neck)
 C - a ring of protection from fire (left claw)
 S - a ring of resist corrosion
 U - a +6 ring of intelligence
 Y - a ring of willpower
Wands
 t - a wand of digging (17)
 z - a wand of flame (1)
 B - a wand of polymorph (17)
 O - a wand of paralysis (14)
Scrolls
 a - a scroll of identify
 d - 2 scrolls of teleportation
 l - 3 scrolls of fog
 r - 2 scrolls of magic mapping
 E - 3 scrolls of enchant weapon
 G - a scroll of blinking
 J - 2 scrolls of fear
 L - a scroll of enchant armour
Potions
 h - 4 potions of might
 i - 4 potions of haste
 n - a potion of curing
 s - 5 potions of attraction
 u - 4 potions of ambrosia
 v - 4 potions of cancellation
 D - 3 potions of mutation
 F - a potion of invisibility
 H - 8 potions of heal wounds
 M - a potion of lignification
 N - a potion of magic
 P - 5 potions of flight
 R - a potion of brilliance
 W - a potion of resistance
Miscellaneous
 K - a box of beasts
 Q - a tin of tremorstones (2/2)


   Skills:
 + Level 12.4 Fighting
 - Level 4.0 Throwing
 * Level 10.1 Shields
 * Level 19.8 Unarmed Combat
 - Level 1.0 Spellcasting
 - Level 2.1 Fire Magic
 - Level 7.0 Evocations


You had 16 spell levels left.
You didn't know any spells.
Your spell library contained the following spells:

 Spells                   Type           Power      Damage    Failure   Level
 Scorch                   Fire           8%         2d5       87%         2
 Animate Skeleton         Necr           0%         N/A       96%         1
 Freeze                   Ice            0%         1d3       96%         1
 Magic Dart               Conj           0%         1d3       96%         1
 Pain                     Necr           0%         1d4       96%         1
 Blink                    Tloc           N/A        N/A       99%         2
 Call Imp                 Summ           0%         N/A       99%         2
 Ensorcelled Hibernation  Hex/Ice        0%         N/A       99%         2
 Passwall                 Tmut/Erth      0%         N/A       99%         2
 Slow                     Hex            0%         N/A       99%         2
 Static Discharge         Conj/Air       0%         N/A       99%         2
 Sublimation of Blood     Necr           0%         N/A       99%         2
 Wereblood                Tmut           0%         N/A       99%         2
 Confusing Touch          Hex            0%         N/A       100%        3
 Frozen Ramparts          Ice            0%         1d2       100%        3
 Mephitic Cloud           Conj/Pois/Air  0%         N/A       100%        3
 Portal Projectile        Hex/Tloc       0%         N/A       100%        3
 Spider Form              Tmut/Pois      0%         N/A       100%        3
 Swiftness                Air            0%         N/A       100%        3
 Vampiric Draining        Necr           0%         2d6       100%        3
 Hailstorm                Conj/Ice       0%         3d3       100%        4
 Summon Ice Beast         Ice/Summ       0%         N/A       100%        4
 Summon Lightning Spire   Summ/Air       0%         N/A       100%        4
 Blade Hands              Tmut           0%         N/A       100%        5
 Excruciating Wounds      Necr           0%         N/A       100%        5
 Lightning Bolt           Conj/Air       0%         1d11      100%        5
 Summon Forest            Summ/Tloc      0%         N/A       100%        5
 Invisibility             Hex            0%         N/A       100%        6
 Malign Gateway           Summ/Tloc      0%         N/A       100%        7
 Storm Form               Tmut/Air       0%         N/A       100%        7
 Summon Hydra             Summ           0%         N/A       100%        7
 Maxwell's Capacitive Co  Air            0%         ∞         100%        8
 Summon Horrible Things   Summ           0%         N/A       100%        8


Dungeon Overview and Level Annotations

Branches:
Dungeon (13/15)            Temple (0/1) D:6            Lair (6/6) D:10
  Swamp (0/4) Lair:2       Spider (2/4) Lair:3        Slime (0/5) Lair:5
    Orc (2/2) D:11            Elf (0/3) Orc:2        Vaults (0/5) D:13

Altars:
Ashenzari
Cheibriados
Dithmenos
Elyvilon
Kikubaaqudgha
Ru
Vehumet
Xom
Yredelemnul
Beogh
Jiyva

Shops:
D:3 *   D:11 *   Orc:1 *   Orc:2 =(*[

Portals:
Abyss: Lair:5

Annotations:
Lair:1 1 runed translucent door, ClownBaby's ghost, journeyman TeAr
Lair:5 2 transporters, Devyomi's ghost, journeyman GrBe
Spider:2 Arachne; Asterion


Innate Abilities, Weirdness & Mutations

You are too large for most types of armour.
You have claws for hands.
Your natural rate of healing is unusually fast.
You are covered in fur. (AC +1)
You have tough skin. (AC +1)


Message History

The tarantella touches you but does no damage.
Arachne mumbles some strange words.
Arachne blinks!
The tarantella touches you but does no damage.
You struggle to detach yourself from the web.
The tarantella touches you!
* * * LOW HITPOINT WARNING * * *
The web tears apart.
The tarantella touches you but does no damage.
Arachne stares at you and mumbles some strange words.
The poison arrow hits you!!!
You are poisoned.
* * * LOW HITPOINT WARNING * * *
You block the tarantella's attack.
You hear a bellow!
You hear an angry hiss.
You completely miss the tarantella.
The tarantella is severely wounded.
You feel very sick.
A tarantella comes into view.
Asterion the Fallen King comes into view.
He is wielding a +1 broad axe of electrocution.
The tarantella touches you!
* * * LOW HITPOINT WARNING * * *
You are confused.
You are too confused!
Unknown command.
Unknown command.
You are too confused!
You feel better. The tarantella touches you.
* * * LOW HITPOINT WARNING * * *
You are confused.
Arachne points her staff at you, shooting a stream of webbing.
The stream of webbing misses you.
Asterion utters an invocation to Makhleb.
You hear an angry hiss. x3
You are too confused!
You feel better. You block the tarantella's attack.
Arachne hits you with a staff of poison!!
* * * LOW HITPOINT WARNING * * *
Arachne envenoms you!!
You die...

..# ...## ## ..
....## ...H.
.....## ###.2#s
......# .
...#..#.......
..........#.....
...#.#.#....###
#.....H@#.^..#
###....^s.# ..#
^...#.##†.##..#
#......<....#
..#....#.#.##
#.#(..#.##
....^.....#
###.###...#.#
... #....##


You could see Arachne, Asterion, a green death (summoned) and 2 tarantellas.

Vanquished Creatures
  Rupert (Lair:4)
  An emperor scorpion (Spider:1)
  An orc warlord (Orc:1)
  An entropy weaver (Spider:1)
  An ettin (Orc:1)
  Josephine (D:13)
  9 hydras
  A boulder beetle (Lair:3)
  3 vault guards (D:13)
  Erolcha (D:10)
  6 centaur warriors
  A catoblepas (Lair:6)
  A death knight (D:10)
  6 two-headed ogres
  A tengu warrior (D:13)
  An orc high priest (Orc:1)
  Nergalle (D:11)
  4 skeletal warriors (D:12)
  4 orc knights
  A bog body (Lair:2)
  8 orb spiders (Spider:1)
  Pikel (D:9)
  A deep elf pyromancer (D:13)
  5 manticores
  4 ugly things
  12 wolf spiders (Spider:1)
  6 orc sorcerers
  2 cyclopes
  Maurice (D:10)
  2 black mambas (Lair:5)
  2 torpor snails
  6 gargoyles (D:11)
  8 komodo dragons
  4 rime drakes
  3 efreet (D:13)
  16 cane toads
  A yaktaur (D:10)
  A freezing wraith (D:13)
  A kobold demonologist (D:8)
  An unseen horror (D:8)
  4 demonic crawlers (Spider:1)
  A queen bee (Lair:2)
  A polar bear (Lair:4)
  5 trolls
  5 tyrant leeches (Lair:6)
  7 slime creatures
  11 jumping spiders (Spider:1)
  23 blink frogs
  31 redbacks
  Sigmund (D:2)
  10 tarantellas
  2 wyverns
  48 yaks
  8 wraiths
  A vampire (D:13)
  3 basilisks
  8 humans (D:13)
  5 steam dragons
  9 vampire mosquitoes
  5 wargs
  2 acid dragons
  Duvessa (D:4)
  20 water moccasins
  3 black bears
  An ice beast (D:7)
  35 orc warriors
  A necrophage (D:8)
  31 wolves
  13 centaurs
  8 ogres
  4 lemures (D:9)
  2 phantoms
  27 bullfrogs
  14 kobold brigands (D:8)
  A gnoll sergeant (D:13)
  4 scorpions (D:5)
  Dowan (D:4)
  4 water moccasin skeletons
  15 killer bees (Lair:2)
  5 wights
  7 howler monkeys
  3 centaur zombies
  2 hounds (D:5)
  17 orc priests
  A jelly (D:6)
  2 bullfrog skeletons
  A centaur skeleton (D:7)
  Natasha (twice) (D:2)
  2 iguanas
  24 orc wizards
  Terence (D:2)
  A killer bee zombie (D:5)
  A hound skeleton (D:5)
  3 gnolls (D:13)
  4 adders
  A white imp (D:7)
  An ufetubus (D:5)
  An adder skeleton (D:4)
  2 worms (D:2)
  2 dart slugs
  76 orcs
  4 ball pythons
  12 bats
  6 endoplasms
  5 giant cockroaches
  10 goblins
  11 hobgoblins
  3 quokkas
  4 frilled lizards
  17 kobolds
  5 rats
742 creatures vanquished.

Vanquished Creatures (others)
  A human (D:13)
  29 fungi
  78 plants
108 creatures vanquished.

Grand Total: 850 creatures vanquished

Notes
Turn   | Place    | Note
-------+----------+-------------------------------------------
     0 | D:1      | lunkers the Troll Cinder Acolyte began the quest for the
                  | Orb.
     0 | D:1      | Reached XP level 1. HP: 22/22 MP: 1/1
   254 | D:1      | Reached XP level 2. HP: 28/29 MP: 2/2
   619 | D:1      | Found a faded altar of an unknown god.
   938 | D:2      | Reached XP level 3. HP: 33/36 MP: 3/3
   980 | D:2      | Noticed Terence
   988 | D:2      | Killed Terence
   989 | D:2      | Reached skill level 4 in Unarmed Combat
  1014 | D:2      | Noticed Sigmund
  1022 | D:2      | Killed Sigmund
  1023 | D:2      | Reached skill level 5 in Unarmed Combat
  1023 | D:2      | Reached XP level 4. HP: 24/46 MP: 4/4
  1023 | D:2      | Reached XP level 5. HP: 27/53 MP: 5/5
  1100 | D:2      | Noticed Natasha
  1109 | D:2      | Killed Natasha
  1478 | D:2      | Noticed Natasha
  1481 | D:2      | Killed Natasha
  1482 | D:2      | Reached XP level 6. HP: 60/62 MP: 6/6
  1702 | D:3      | Got the Catalogue of Glacial Displacement
  1851 | D:3      | Found Orchaxzual's Assorted Antiques.
  1884 | D:3      | Reached skill level 6 in Unarmed Combat
  1891 | D:3      | Found a radiant altar of Vehumet.
  2400 | D:4      | Noticed Duvessa
  2420 | D:4      | Killed Duvessa
  2429 | D:4      | Noticed Dowan
  2471 | D:4      | Killed Dowan
  2523 | D:4      | Reached XP level 7. HP: 70/71 MP: 7/7
  2784 | D:4      | Found a snail-covered altar of Cheibriados.
  2838 | D:5      | Entered Level 5 of the Dungeon
  2858 | D:5      | Reached skill level 7 in Unarmed Combat
  3099 | D:5      | Reached skill level 5 in Fighting
  3099 | D:5      | Reached skill level 8 in Unarmed Combat
  3103 | D:5      | Reached XP level 8. HP: 48/80 MP: 8/8
  3623 | D:5      | Identified a scroll of acquirement
  3623 | D:5      | Acquired a +4 ring of evasion
  3677 | D:6      | Reached skill level 9 in Unarmed Combat
  3701 | D:6      | Found a basalt altar of Yredelemnul.
  3751 | D:6      | Found an ancient bone altar of Kikubaaqudgha.
  3863 | D:6      | Acquired the +0 hat of Cuastrum {rC+}
  4407 | D:6      | Reached skill level 10 in Unarmed Combat
  4481 | D:6      | Found a staircase to the Ecumenical Temple.
  4531 | D:7      | Reached XP level 9. HP: 85/89 MP: 9/9
  4663 | D:7      | Found a white marble altar of Elyvilon.
  4792 | D:7      | Noticed a red ugly thing
  4874 | D:7      | Reached skill level 11 in Unarmed Combat
  4937 | D:7      | Noticed a two-headed ogre
  4937 | D:7      | Noticed a manticore
  4968 | D:7      | Killed a manticore
  4970 | D:7      | Killed a two-headed ogre
  4971 | D:7      | Reached skill level 12 in Unarmed Combat
  4971 | D:7      | Reached XP level 10. HP: 77/102 MP: 10/10
  4977 | D:7      | Killed a red ugly thing
  5558 | D:8      | Reached skill level 13 in Unarmed Combat
  5843 | D:8      | Found a broken altar of Ashenzari.
  6609 | D:9      | Noticed Pikel
  6641 | D:9      | Killed Pikel
  6642 | D:9      | Reached skill level 14 in Unarmed Combat
  6642 | D:9      | Reached XP level 11. HP: 107/113 MP: 11/11
  6952 | D:10     | Entered Level 10 of the Dungeon
  6994 | D:10     | Found a shadowy altar of Dithmenos.
  7031 | D:10     | Noticed Maurice
  7047 | D:10     | Killed Maurice
  7048 | D:10     | Reached skill level 1 in Shields
  7214 | D:10     | Found a shimmering altar of Xom.
  7215 | D:10     | Found a shimmering altar of Xom.
  7215 | D:10     | Found a shimmering altar of Xom.
  7215 | D:10     | Found a shimmering altar of Xom.
  7363 | D:10     | Found a shimmering altar of Xom.
  7477 | D:10     | Noticed a harpy
  7514 | D:10     | Noticed a centaur warrior
  7530 | D:10     | Killed a centaur warrior
  7534 | D:10     | Noticed a death knight
  7543 | D:10     | Killed a death knight
  7544 | D:10     | You fall into a shaft and drop 2 floors!
  7620 | D:12     | Noticed a white ugly thing
  7631 | D:12     | Killed a white ugly thing
  7632 | D:12     | Noticed a skeletal warrior
  7633 | D:12     | Noticed a skeletal warrior
  7648 | D:12     | Noticed a skeletal warrior
  7654 | D:12     | Noticed a skeletal warrior
  7678 | D:11     | Noticed a four-headed hydra
  7889 | D:10     | Noticed a shock serpent
  7889 | D:10     | Found a shimmering altar of Xom.
  7968 | D:10     | Found a staircase to the Lair.
  7995 | D:10     | Noticed Erolcha
  8001 | D:10     | Killed Erolcha
  8169 | D:10     | Noticed a two-headed ogre
  8174 | D:10     | Killed a two-headed ogre
  8175 | D:10     | Reached skill level 1 in Evocations
  8422 | D:11     | Noticed a two-headed ogre
  8434 | D:11     | Killed a two-headed ogre
  8435 | D:11     | Reached skill level 15 in Unarmed Combat
  8461 | D:11     | Found a staircase to the Orcish Mines.
  8639 | D:11     | Killed a four-headed hydra
  8640 | D:11     | Reached XP level 12. HP: 90/124 MP: 12/12
  8704 | D:11     | Noticed Nergalle
  8726 | D:11     | Killed Nergalle
  8727 | D:11     | Reached skill level 5 in Shields
  8818 | D:11     | Found Enicw's Profane Products.
  9139 | Lair:1   | Entered Level 1 of the Lair of Beasts
  9461 | Lair:1   | You fall into a shaft and drop 1 floor!
  9461 | Lair:2   | Found a staircase to the Swamp.
  9875 | Lair:1   | Noticed a six-headed hydra
  9938 | Lair:1   | Reached skill level 10 in Fighting
  9938 | Lair:1   | Reached skill level 16 in Unarmed Combat
 10013 | Lair:1   | Found a runed translucent door.
 10032 | Lair:1   | Killed a six-headed hydra
 10033 | Lair:1   | Identified the +4 trident "Backscratcher" {vorpal, rC+}
 10034 | Lair:1   | Noticed ClownBaby's ghost (journeyman TeAr)
 10159 | Lair:1   | Noticed a seven-headed hydra
 10167 | Lair:1   | Killed a seven-headed hydra
 10395 | Lair:2   | Noticed a four-headed hydra
 10414 | Lair:2   | Killed a four-headed hydra
 10511 | Lair:2   | Noticed an eight-headed hydra
 10529 | Lair:2   | Killed an eight-headed hydra
 10661 | Lair:2   | Reached XP level 13. HP: 130/133 MP: 13/13
 11144 | Lair:3   | Found a sacrificial altar of Ru.
 11234 | Lair:3   | Found a hole to the Spider Nest.
 12149 | Lair:4   | Noticed Rupert
 12154 | Lair:4   | Paralysed by Rupert for 4 turns
 12177 | Lair:4   | Killed Rupert
 12303 | Lair:4   | Reached skill level 5 in Evocations
 13434 | Lair:5   | Found a transporter.
 13434 | Lair:5   | Found a one-way gate to the infinite horrors of the Abyss.
 13434 | Lair:5   | Noticed Devyomi's ghost (journeyman GrBe)
 13594 | Lair:5   | Found a transporter.
 13812 | Lair:5   | Found a staircase to the Slime Pits.
 13812 | Lair:5   | Found a viscous altar of Jiyva.
 13843 | Lair:5   | Reached skill level 17 in Unarmed Combat
 14169 | Lair:6   | Entered Level 6 of the Lair of Beasts
 14511 | Lair:6   | Reached XP level 14. HP: 74/144 MP: 14/14
 14534 | Lair:6   | HP: 4/144 [bullfrog (6)]
 15243 | Lair:6   | Found a sacrificial altar of Ru.
 15934 | Orc:1    | Entered Level 1 of the Orcish Mines
 15981 | Orc:1    | Found Dyol's Assorted Antiques.
 15983 | Orc:1    | Reached skill level 1 in Throwing
 16161 | Orc:1    | Paralysed by an orc sorcerer for 5 turns
 16589 | Orc:2    | Entered Level 2 of the Orcish Mines
 16618 | Orc:1    | Reached skill level 18 in Unarmed Combat
 16706 | Orc:2    | Noticed an orc warlord
 16729 | Orc:1    | Killed an orc warlord
 17286 | Orc:2    | Found Zotuf's General Store.
 17360 | Orc:2    | Found a staircase to the Elven Halls.
 17790 | Orc:2    | Found Okaeskymp's Antique Weapon Shop.
 17876 | Orc:2    | Found Zerahot's Antique Armour Shop.
 18065 | Orc:2    | Found Boot's Jewellery Shop.
 19211 | Orc:2    | Bought glowing ice dragon scales for 2016 gold pieces
 19404 | D:13     | Noticed Josephine
 19435 | D:13     | Killed Josephine
 19541 | D:13     | Reached XP level 15. HP: 124/137 MP: 15/15
 20065 | D:13     | Reached skill level 19 in Unarmed Combat
 20336 | D:13     | Found a gate to the Vaults.
 20576 | Spider:1 | Entered Level 1 of the Spider Nest
 21894 | Spider:1 | Acquired 968 gold pieces
 22180 | Spider:1 | Reached skill level 10 in Shields
 22803 | Spider:2 | Noticed Arachne
 22808 | Spider:2 | Noticed Asterion
 22810 | Spider:2 | Slain by Arachne

Illustrated notes

Levels and vault maps discovered:
D:1:      lightli_arrival_flooded_house, layout_loops_corners,
          hellmonk_ecumenical_altar_run_dry, serial_park_tiny_pond
D:2:      layout_loops_ring, uniq_sigmund, uniq_natasha, uniq_terence
D:3:      layout_loops_ring, old_standard_altar, serial_glass, glass_columns_a,
          glass_columns_b, serial_shops, shop, minmay_diced_spiral
D:4:      layout_cave_pools, nicolae_overflow_hidden_temple, minmay_hedge_maze,
          uniq_duvessa
D:5:      layout_loops_cross, minmay_starry_boxes
D:6:      layout_basic, mainiacjoe_overflow_catwalk, lemuel_round_altar,
          temple_doors_ab
D:7:      layout_loops_ring, nicolae_elyvilon_peaceful_grove,
          minmay_shattered_shrine
D:8:      layout_gridville, ashenzari_conservatory_becter, special_room
          [special_room_kobold], corexii_leaking_fountain
D:9:      layout_rooms, uniq_pikel
D:10:     minmay_chambers_of_sixes, layout_loops_ring, xom_shifter_show,
          nicolae_dithmenos_through_a_glass_darkly, solitary_fountain,
          uniq_maurice, uniq_erolcha
D:11:     cheibrodos_statue_roulette, layout_gridville, nicolae_evil_shop,
          uniq_nergalle
D:12:     layout_cave_pools
D:13:     layout_roguey, ximxim_vaults_locker_room, special_room
          [special_room_orc], minmay_joined_circles, uniq_josephine
Lair:1:   layout_hall_layers, ebering_ghost_funeral_grove,
          grunt_forest_large_clearings, grunt_megastairs_2
Lair:2:   layout_cave_shapes, skrybe_swamp_entry_bodies, special_room
          [special_room_bee], chequers_serial_rivers_micro_c, minivault_24
Lair:3:   layout_roguey, spider_nest_entry_webs, basic_altar, grunt_megastairs_4
Lair:4:   layout_layer_cave, uniq_rupert
Lair:5:   gammafunk_ghost_abyssal_escape, layout_regular_city, slime_altar_1,
          lemuel_fruit_fields, lemuel_fruit_tree
Lair:6:   minmay_lair_end_frog_pond, layout_hall_layers, basic_altar,
          serial_bayou_shore_b
Spider:1: nicolae_spider_hilbert_zone_2 [nicolae_spider_hilbert_4_sides_1_open,
          nicolae_spider_hilbert_4_sides_1_open,
          nicolae_spider_hilbert_4_sides_1_open,
          nicolae_spider_hilbert_4_sides_1_open,
          nicolae_spider_hilbert_6_sides_1_open,
          nicolae_spider_hilbert_6_sides_1_open,
          nicolae_spider_hilbert_3_sides_1_open,
          nicolae_spider_hilbert_3_sides_1_open,
          nicolae_spider_hilbert_3_sides_1_open,
          nicolae_spider_hilbert_3_sides_1_open,
          nicolae_spider_hilbert_6_sides_1_open,
          nicolae_spider_hilbert_6_sides_1_open,
          nicolae_spider_hilbert_6_sides_1_open,
          nicolae_spider_hilbert_6_sides_1_open]
Spider:2: layout_spider_delve, special_room, gammafunk_ghost_berserking_beasts,
          drop_trap, hangedman_spider_trapstep, uniq_asterion, uniq_arachne
Orc:1:    layout_diamond_mine, serial_shops, nicolae_shop_behind_doors
Orc:2:    grunt_orc_cross, layout_caves, nicolae_orc_jurassic_orc, mines1_david

Skill      XL: |  1  2  3  4  5  6  7  8  9 10 11 12 13 14 15 |
---------------+----------------------------------------------+-----
Unarmed Combat | 5 6 8 10 12 14 15 16 17 18 19 | 19.8
Fighting       | 3 4 5 6 7 8 9 10 11 12 | 12.4
Shields        | 4 7 8 9 10 | 10.1
Evocations     | 2 3 6 7 |  7.0
Throwing       | 3 4 |  4.0
Spellcasting   | |  1.0
Fire Magic     | |  2.1

Action                   |  1- 3 |  4- 6 |  7- 9 | 10-12 | 13-15 || total
-------------------------+-------+-------+-------+-------+-------++-------
Melee: Unarmed           |    95 |   105 |   183 |   568 |  1440 ||  2391
       Punch             |     1 |     1 |     8 |    11 |       ||    21
Throw: Stone             |    16 |    25 |    32 |    57 |     6 ||   136
       Dart              |       |       |       |       |   325 ||   325
Evoke: Wand              |       |       |       |    59 |    26 ||    85
       Tin of tremorston |       |       |       |       |     2 ||     2
  Use: Scroll            |     1 |     3 |    16 |     7 |    10 ||    37
       Potion            |       |       |     1 |       |     7 ||     8
Armor: Robe              |    48 |    20 |    28 |    12 |       ||   108
       Steam dragon scal |       |       |       |     4 |       ||     4
       Acid dragon scale |       |       |       |   115 |   142 ||   257
       Ice dragon scales |       |       |       |       |   172 ||   172
Dodge: Dodged            |    51 |    27 |    60 |   273 |   452 ||   863
Block: Other             |       |       |    17 |    33 |       ||    50
       Reflection        |       |       |       |    14 |    41 ||    55
       Kite shield       |       |       |       |   315 |   742 ||  1057
       Tower shield      |       |       |       |       |   329 ||   329

Table legend: (Time is in decaauts)
 A = Elapsed time spent in this place.
 B = Non-inter-level travel time spent in this place.
 C = Inter-level travel time spent in this place.
 D = Time resting spent in this place.
 E = Time spent auto-exploring this place.
 F = Levels seen in this place.
 G = Mean time per level.
                   A        B        C        D        E       F      G
               +--------+--------+--------+--------+--------+-----+--------+
         Total |  22336 |  20949 |   1387 |    998 |  14922 |  23 |  971.1 |
       Dungeon |  11218 |  10385 |    833 |    301 |   7748 |  13 |  862.9 |
          Lair |   6419 |   6084 |    335 |    242 |   4416 |   6 | 1069.8 |
   Spider Nest |   2197 |   2171 |     26 |    203 |   1464 |   2 | 1098.5 |
  Orcish Mines |   2501 |   2310 |    191 |    251 |   1293 |   2 | 1250.5 |
               +--------+--------+--------+--------+--------+-----+--------+

Top non-repeatable levels by time:
Spider:1: 2157 daAuts
    D:10: 1377 daAuts
  Lair:6: 1364 daAuts
   Orc:2: 1307 daAuts
    D:11: 1263 daAuts
   Orc:1: 1194 daAuts
  Lair:4: 1174 daAuts
  Lair:5: 1140 daAuts
    D:13: 1056 daAuts
     D:8: 955 daAuts
  Lair:1: 936 daAuts
     D:7: 934 daAuts
  Lair:2: 931 daAuts
     D:1: 898 daAuts
  Lair:3: 871 daAuts
